 Dungeon Crawl Stone Soup version 0.20.1-1-g8b1a95d (webtiles) character file.

11755 Dainius the Carver (level 11, 0/88 HPs)
             Began as a Pale Draconian Fighter on Oct 25, 2017.
             Slain by a yak (6 damage)
             ... on level 2 of the Lair of Beasts.
             The game lasted 02:18:21 (12543 turns).

Dainius the Carver (Pale Draconian Fighter)        Turns: 12543, Time: 02:18:21

Health: 0/88       AC: 15    Str: 20    XL:     11   Next: 53%
Magic:  13/13      EV: 10    Int:  9    God:    Xom [.....*]
Gold:   1219       SH: 18    Dex: 11    Spells: 7/10 levels left

rFire    + . .     SeeInvis .   o - +0 scimitar
rCold    . . .     Gourm    +   E - +2 large shield {rF+}
rNeg     + + .     Faith    .   (armour unavailable)
rPois    +         Spirit   .   I - +1 hat
rElec    .         Reflect  .   G - +2 ratskin cloak {+Rats rPois rN+ Str-1 Int-1 Dex+1}
rCorr    .         Harm     .   (no gloves)
MR       .....                  (no boots)
Stlth    +++.......             v - amulet of the gourmand
Regen    0.7/turn               h - +4 ring of protection
MPRegen  0.2/turn               C - ring of positive energy

@: no status effects
A: breathe steam, unfitting armour, clever 1, clumsy 1, regeneration 1, no
potion heal 1, cold-blooded, AC +7
a: Breathe Steam, Renounce Religion, Evoke Ratskin


You were on level 2 of the Lair of Beasts.
You worshipped Xom.
You were Xom's teddy bear.
You were not hungry.

You visited 3 branches of the dungeon, and saw 15 of its levels.

You collected 1522 gold pieces.
You spent 303 gold pieces at shops.

Inventory:

Hand Weapons
 a - a +1 long sword
 o - a +0 scimitar (weapon)
 J - a +1 short sword of venom
 M - a +0 dagger of distortion
Missiles
 g - 72 poisoned needles (quivered)
 y - 2 exploding tomahawks
Armour
 E - a +2 large shield of fire resistance (worn)
 G - the +2 ratskin cloak (worn) {+Rats rPois rN+ Str-1 Int-1 Dex+1}
   (You found it on level 7 of the Dungeon)

   It affects your strength (-1).
   It affects your intelligence (-1).
   It affects your dexterity (+1).
   It protects you from poison.
   It protects you from negative energy.
 I - a +1 hat (worn)
Jewellery
 b - an uncursed ring of wizardry {unknown}
 h - a +4 ring of protection (left hand)
 v - an amulet of the gourmand (around neck)
 C - a ring of positive energy (right hand)
 O - an uncursed ring of stealth {unknown}
 V - an uncursed ring of protection from fire {unknown}
Wands
 e - a wand of polymorph (8/24)
 B - a wand of confusion (22/48)
 D - a wand of paralysis (16/24)
 U - a wand of random effects (8/48)
 W - a wand of acid (5/15)
 X - a wand of iceblast (3/15)
Scrolls
 k - 2 scrolls of recharging
 n - 2 scrolls of fear
 q - 3 scrolls of amnesia
 s - 2 scrolls of teleportation
 A - 3 scrolls of magic mapping
 H - a scroll of fog
 K - 2 scrolls of enchant weapon
 L - a scroll of enchant armour
 P - a scroll of identify
 Z - a scroll of remove curse
Potions
 c - a potion of might
 i - 3 potions of flight
 j - a potion of resistance
 l - 2 potions of invisibility
 m - a potion of magic
 p - 2 potions of degeneration {unknown}
 r - a potion of agility {unknown}
 t - a potion of berserk rage {unknown}
 w - 3 potions of ambrosia
 x - a potion of brilliance {unknown}
 F - a potion of mutation
 N - 2 potions of haste
 Q - a potion of lignification {unknown}
Books
 R - a book of Clouds

   Spells                             Type                      Level
   a - Poisonous Vapours              Poison/Air                   2
   b - Mephitic Cloud                 Conjuration/Poison/Air       3
   c - Conjure Flame                  Conjuration/Fire             3
   d - Freezing Cloud                 Conjuration/Ice/Air          6
   e - Ring of Flames                 Charms/Fire                  7
 S - a book of Misfortune

   Spells                             Type                      Level
   a - Confusing Touch                Hexes                        1
   b - Confuse                        Hexes                        3
   c - Gell's Gravitas                Translocation                3
   d - Petrify                        Transmutation/Earth          4
   e - Metabolic Englaciation         Hexes/Ice                    5
   f - Yara's Violent Unravelling     Hexes/Transmutation          5
 T - a book of Callings

   Spells                             Type                      Level
   a - Summon Small Mammal            Summoning                    1
   b - Call Imp                       Summoning                    2
   c - Call Canine Familiar           Summoning                    3
   d - Summon Guardian Golem          Hexes/Summoning              3
   e - Summon Lightning Spire         Summoning/Air                4
   f - Summon Ice Beast               Ice/Summoning                4
Miscellaneous
 Y - a phantom mirror
Comestibles
 d - 10 bread rations
 u - a fruit
 z - 2 meat rations


   Skills:
 * Level 5.2 Fighting
 - Level 14.0 Long Blades
 + Level 3.6 Dodging
 - Level 4.7 Stealth
 + Level 9.3 Shields
 + Level 3.4 Evocations


You had 7 spell levels left.
You knew the following spells:

 Your Spells              Type           Power        Failure   Level  Hunger
a - Poisonous Vapours     Pois/Air       #.....       99%         2    ###....
b - Summon Small Mammal   Summ           #...         97%         1    ##.....


Dungeon Overview and Level Annotations

Branches:
Dungeon (12/15)            Temple (1/1) D:6            Lair (2/6) D:10
  Swamp: Lair:2-4    Shoals: Lair:2-4     Snake: Lair:2-4    Spider: Lair:2-4
    Orc: D:9-12

Altars:
Ashenzari
Fedhas
Kikubaaqudgha
Ru
Uskayaw
Xom

Shops:
D:4 ?**%[   D:6 *


Innate Abilities, Weirdness & Mutations

You can breathe blasts of scalding, opaque steam.
Your pale cyan-grey scales are hard. (AC +7)
You cannot fit into any form of body armour.
You are cold-blooded and may be slowed by cold attacks.
Your mind is acute. (Int +2)
You are clumsy. (Dex -2)
Your natural rate of healing is unusually fast.
Potions are less effective at restoring your health.


Message History

You can't go up here!
Your yak barely misses the electric eel.
The yak gores you!
* * * LOW HITPOINT WARNING * * *
You block the yak's attack.
The electric eel shoots out a bolt of lightning at you!
The bolt of electricity hits your yak. The bolt of electricity misses you.
The bolt of electricity hits you!
* * * LOW HITPOINT WARNING * * *
The electric eel shoots out a bolt of lightning at you!
The bolt of electricity hits you!
You climb downwards.
You feel an oppressive heat about you.
There is an entrance to a volcano on this level.
Hurry and find it before the entrance collapses!
Found 14 stones.
There is a stone staircase leading up here.
Your system partially rejects the healing.
You feel better. You block the yak's attack. The yak gores you.
You die...
Xom titters!

........... ...
.P........##...
#P....≈≈.≈...##
.....≈≈≈≈≈≈≈..#
....≈≈≈≈≈≈≈....
...≈≈≈≈≈≈≈≈≈..#
...≈≈≈≈YY≈≈≈...
..≈≈≈≈.@.≈≈≈..#
...≈≈≈≈≈.≈≈≈≈.#
##.≈≈≈≈≈≈≈≈≈...
#..≈≈≈≈≈≈≈≈...P
...≈≈≈≈≈≈≈≈≈...
........≈......
..........(....
###............


You could see 2 yaks.

Vanquished Creatures
  The ghost of KoningWillie the Cleaver, a journeyman MiFi of Trog (D:10)
  A two-headed ogre (D:9)
  Joseph (D:7)
  Psyche (D:9)
  A centaur zombie (D:10)
  2 trolls
  Prince Ribbit (D:7)
  Sigmund (D:3)
  8 yaks
  A wyvern (D:10)
  Menkaure (D:6)
  3 hungry ghosts
  A porcupine (D:10)
  2 orc warriors
  An ice beast (D:7)
  3 black bears
  4 sky beasts
  A phantom (D:4)
  A boggart (D:10)
  2 ogres
  2 necrophages
  The ghost of Thjof the Skirmisher, an amateur DsMo (D:4)
  5 centaurs
  3 crocodiles
  3 big kobolds
  8 bullfrogs
  4 scorpions
  20 killer bees
  A howler monkey (D:6)
  A vampire bat (D:3)
  2 bullfrog zombies
  5 crimson imps
  3 hounds
  12 orc priests
  2 centaur skeletons
  10 orc wizards
  2 iguanas
  4 bullfrog skeletons
  7 worker ants
  4 hound skeletons
  A howler monkey zombie (D:5)
  7 gnolls
  13 adders
  2 howler monkey skeletons
  A river rat (D:8)
  4 shadow imps
  An ooze (D:4)
  An adder skeleton (D:5)
  6 worms
  3 dart slugs
  3 fire bats (D:3)
  5 leopard geckos
  38 orcs
  2 spectral bats (D:3)
  14 bats
  3 bat skeletons (D:3)
  A bat zombie (D:3)
  4 giant cockroaches
  9 goblins
  7 hobgoblins
  22 jackals
  16 kobolds
  2 quokkas (D:4)
  A ball python (D:6)
  A bat simulacrum (D:3)
  6 frilled lizards
  3 leopard gecko skeletons
  A leopard gecko zombie (D:8)
  3 quokka skeletons
  A quokka zombie (D:7)
  10 rats
  A butterfly (D:6)
  A fungus (D:10)
329 creatures vanquished.

Vanquished Creatures (collateral kills)
  A two-headed ogre (D:8)
  The ghost of Gargoyl the Cleaver, a novice MiAK of Lugonu (D:8)
  A soldier ant (D:10)
  An ice beast (D:10)
  A killer bee (D:10)
  A crimson imp (D:10)
  A worker ant (D:7)
7 creatures vanquished.

Vanquished Creatures (others)
  A yak (Lair:1)
  19 fungi (D:10)
  16 plants (D:10)
36 creatures vanquished.

Grand Total: 372 creatures vanquished

Notes
Turn   | Place    | Note
-------+----------+-------------------------------------------
     0 | D:1      | Dainius the Draconian Fighter began the quest for the Orb.
     0 | D:1      | Reached XP level 1. HP: 19/19 MP: 1/1
   331 | D:1      | Reached XP level 2. HP: 21/26 MP: 2/2
   982 | D:2      | Reached XP level 3. HP: 31/31 MP: 3/3
  1064 | D:2      | Found a sacrificial altar of Ru.
  1073 | D:2      | Found an ancient bone altar of Kikubaaqudgha.
  1128 | D:2      | Reached skill level 3 in Long Blades
  1247 | D:2      | Found a hide-covered altar of Uskayaw.
  1865 | D:3      | Reached XP level 4. HP: 38/38 MP: 4/4
  1892 | D:3      | Reached skill level 1 in Stealth
  1911 | D:3      | Noticed Sigmund
  2804 | D:3      | Reached XP level 5. HP: 31/45 MP: 5/5
  2821 | D:3      | Reached skill level 4 in Long Blades
  3618 | D:3      | Killed Sigmund
  3618 | D:3      | Reached skill level 5 in Long Blades
  3618 | D:3      | Reached XP level 6. HP: 9/51 MP: 6/6
  3946 | D:3      | Reached skill level 5 in Shields
  4207 | D:4      | Noticed Thjof's ghost (amateur DsMo)
  4230 | D:4      | Reached skill level 6 in Long Blades
  4532 | D:4      | Killed Thjof's ghost
  4532 | D:4      | Your scales start taking on a pale cyan-grey colour.
  4532 | D:4      | Reached XP level 7. HP: 52/57 MP: 7/7
  4533 | D:4      | Found Wuud's Assorted Antiques.
  4587 | D:5      | Entered Level 5 of the Dungeon
  4660 | D:4      | Found Paumpyix's Food Shoppe.
  4669 | D:4      | Found Sifunwud's Assorted Antiques.
  4694 | D:4      | Found Cytita Ampi's Magic Scroll Shoppe.
  4733 | D:4      | Bought a scroll of identify for 24 gold pieces
  4733 | D:4      | Bought a scroll of identify for 24 gold pieces
  4733 | D:4      | Bought a scroll of identify for 24 gold pieces
  4815 | D:4      | Reached skill level 7 in Long Blades
  5493 | D:4      | Found a shimmering altar of Xom.
  5504 | D:4      | Became a worshipper of Xom of Chaos
  5661 | D:4      | Found Poybuno's Antique Armour Boutique.
  5666 | D:4      | Reached XP level 8. HP: 58/63 MP: 8/8
  5740 | D:6      | Found a staircase to the Ecumenical Temple.
  5752 | Temple   | Entered the Ecumenical Temple
  5941 | D:5      | XOM: potion effect (invisibility)
  5942 | D:5      | Reached skill level 8 in Long Blades
  5959 | D:5      | XOM: divination: detect items
  6139 | D:5      | XOM: potion effect (berserk rage)
  6220 | D:5      | XOM: harmless Hex miscast
  6322 | D:5      | XOM is BORED!
  6606 | D:6      | XOM: cleaving
  6616 | D:6      | Reached skill level 9 in Long Blades
  6680 | D:6      | XOM: divination: magic mapping
  6720 | D:6      | Noticed Menkaure
  6726 | D:6      | Killed Menkaure
  6778 | D:6      | Found a shattered altar of Ashenzari.
  6996 | D:6      | XOM: mild Air miscast
  7014 | D:6      | Found Winueb's General Store.
  7279 | D:6      | Found a blossoming altar of Fedhas.
  7419 | D:6      | XOM: harmless Fire miscast
  7479 | D:6      | XOM: god gift: 920 gold pieces
  7509 | D:6      | Reached skill level 10 in Long Blades
  7509 | D:6      | Reached XP level 9. HP: 61/70 MP: 9/9
  7539 | D:6      | Bought a +1 large shield of fire resistance for 231 gold pieces
  7722 | D:7      | XOM: noise
  7795 | D:7      | Noticed Joseph
  7814 | D:7      | Killed Joseph
  7931 | D:7      | XOM: scenery: create altars
  7990 | D:7      | XOM: scenery: create altars
  7991 | D:7      | Noticed Prince Ribbit
  7999 | D:7      | XOM: cast spell 'Summon Ice Beast'
  8005 | D:7      | Killed Prince Ribbit
  8005 | D:7      | Reached skill level 11 in Long Blades
  8105 | D:7      | XOM: scenery: create altars
  8209 | D:7      | XOM: god gift: 2 fuming clear potions {god gift}
  8261 | D:7      | XOM: harmless Hex miscast
  8395 | D:7      | XOM: harmless Tmut miscast
  8509 | D:9      | Noticed Psyche
  8516 | D:9      | Killed Psyche
  8516 | D:9      | Reached skill level 1 in Evocations
  8549 | D:8      | Noticed Gargoyl's ghost (novice MiAK)
  8556 | D:8      | XOM: butterfly on damage
  8569 | D:8      | XOM: summons friendly ufetubus
  8575 | D:8      | XOM: fog
  8582 | D:8      | XOM: summons friendly quasit
  8612 | D:8      | XOM: fog
  8623 | D:8      | Killed Gargoyl's ghost
  8623 | D:8      | Reached skill level 12 in Long Blades
  8623 | D:8      | Reached XP level 10. HP: 28/77 MP: 5/11
  8702 | D:8      | XOM: mild Air miscast
  8778 | D:8      | XOM: 2-stop teleportation journey
  9106 | D:8      | XOM: swap monsters
  9131 | D:8      | XOM: harmless Tloc miscast
  9134 | D:8      | Noticed a two-headed ogre
  9142 | D:8      | Killed a two-headed ogre
  9291 | D:8      | XOM: scenery: 2 doors open
  9300 | D:8      | XOM: cleaving
  9350 | D:8      | XOM: polymorph killer bee -> river rat
  9925 | D:8      | Learned a level 2 spell: Poisonous Vapours
  9965 | D:8      | Learned a level 1 spell: Summon Small Mammal
 10138 | D:8      | XOM: divination: detect items
 10241 | D:10     | Entered Level 10 of the Dungeon
 10248 | D:10     | XOM: summons 7 friendly demons
 10269 | D:10     | Reached skill level 13 in Long Blades
 10292 | D:11     | XOM: 2-stop teleportation journey
 10321 | D:11     | XOM: smoke on damage
 10325 | D:10     | XOM: 2-stop teleportation journey
 10346 | D:10     | XOM: mild Chrm miscast
 10544 | D:10     | XOM: mild Necr miscast
 10549 | D:10     | XOM: 3-stop teleportation journey
 10555 | D:10     | XOM: harmless Pois miscast
 10570 | D:10     | XOM: confuse monster(s)
 10579 | D:10     | XOM: enchant monster (good)
 10602 | D:10     | Noticed KoningWillie's ghost (journeyman MiFi)
 10603 | D:10     | XOM: cast spell 'Leda's Liquefaction'
 10625 | D:10     | XOM: confuse monster(s)
 11051 | D:9      | Noticed a two-headed ogre
 11065 | D:9      | Reached XP level 11. HP: 75/81 MP: 12/12
 11073 | D:9      | Killed a two-headed ogre
 11366 | D:9      | XOM: cloud trail
 11392 | D:9      | Reached skill level 14 in Long Blades
 11560 | D:9      | XOM is BORED!
 11560 | D:9      | XOM: summons 5 hostile demons
 11583 | D:9      | XOM: god gift: scale mail {god gift}
 11591 | D:9      | Gained mutation: Potions are less effective at restoring your health. [potion of mutation]
 11591 | D:9      | Gained mutation: You are clumsy. (Dex -2) [potion of mutation]
 11591 | D:9      | Gained mutation: Your mind is acute. (Int +2) [potion of mutation]
 11591 | D:9      | Gained mutation: Your natural rate of healing is unusually fast. [potion of mutation]
 11800 | D:10     | XOM: confuse monster(s)
 11819 | D:10     | XOM: summons friendly iron imp
 11834 | D:10     | XOM: polymorph yak -> hog
 11851 | D:10     | XOM: polymorph hog -> crocodile
 11854 | D:10     | XOM: cleaving
 11875 | D:10     | XOM: summons 2 friendly demons
 11995 | D:10     | XOM: summons friendly ufetubus
 12002 | D:10     | XOM: polymorph hell rat -> apocalypse crab
 12008 | D:10     | XOM: divine lightning
 12115 | D:10     | XOM: divine lightning
 12138 | D:10     | Killed KoningWillie's ghost
 12267 | D:10     | XOM: polymorph yak -> black bear
 12330 | D:10     | XOM: polymorph orc warrior -> boggart
 12338 | D:10     | Reached skill level 5 in Fighting
 12513 | D:10     | Found a staircase to the Lair.
 12518 | Lair:1   | Entered Level 1 of the Lair of Beasts
 12536 | Lair:1   | XOM: enchant monster (good)
 12541 | Lair:1   | HP: 2/88 [electric eel/bolt of electricity (17)]
 12543 | Lair:2   | Slain by a yak

Skill      XL: |  1  2  3  4  5  6  7  8  9 10 11 |
---------------+----------------------------------+-----
Long Blades    | 3 5 6 7 10 12 13 14 | 14.0
Stealth        | 1 3 4 |  4.7
Shields        | 4 5 6 7 8 9 |  9.3
Evocations     | 1 2 3 |  3.4
Dodging        | 3 |  3.6
Fighting       | 5 |  5.2

Action                   |  1- 3 |  4- 6 |  7- 9 | 10-12 || total
-------------------------+-------+-------+-------+-------++-------
Melee: Long sword        |   119 |   216 |   257 |   376 ||   968
       Tailslap          |    15 |    28 |    29 |    77 ||   149
       Unarmed           |     1 |       |       |     1 ||     2
       Scimitar          |       |       |       |    18 ||    18
 Abil: Breathe Steam     |       |       |    50 |    43 ||    93
       Evoke Ratskin     |       |       |     4 |     6 ||    10
Evoke: Wand              |       |       |       |     3 ||     3
  Use: Scroll            |       |     7 |    13 |     3 ||    23
       Potion            |       |     3 |     1 |     5 ||     9
 Stab: Distracted        |     2 |       |       |       ||     2
       Invisible         |       |       |     2 |       ||     2
       Sleeping          |       |       |     2 |     1 ||     3
       Confused          |       |       |       |     4 ||     4
       Paralysed         |       |       |       |     3 ||     3
  Eat: Chunk             |     2 |     6 |    26 |    16 ||    50
       Meat ration       |       |     2 |       |       ||     2
Armor: Skin              |    35 |   124 |    75 |   137 ||   371
Dodge: Dodged            |    58 |   131 |    62 |    89 ||   340
Block: Shield            |    55 |   169 |    75 |       ||   299
       Large shield      |       |       |    59 |   396 ||   455
       Rpst.: Long sword |    18 |    50 |    27 |    23 ||   118
       Scimitar          |       |       |       |     2 ||     2
